 Dungeon Crawl Stone Soup version 0.30.1-9-gdf580d7c3d (webtiles) character file.

Game seed: 14575711684197047545

158 KittyFluff the Cudgeller (level 5, -7/33 HPs)
             Began as a Gargoyle Berserker on Oct 16, 2023.
             Was a Believer of Trog.
             Killed by divine providence
             ... invoked by an orc priest
              (15 damage)
             ... on level 4 of the Dungeon.
             The game lasted 00:10:15 (2547 turns).

KittyFluff the Cudgeller (Gargoyle Berserker)       Turns: 2547, Time: 00:10:15

Health: -7/33      AC:  7    Str: 23    XL:     5   Next: 40%
Magic:  5/5        EV: 11    Int:  7    God:    Trog [**....]
Gold:   199        SH:  0    Dex:  9    Spells: 4/4 levels left

rFire   . . .        a - +0 mace
rCold   . . .        (no shield)
rNeg    + . .        d - +0 leather armour
rPois   ∞            (no helmet)
rElec   +            (no cloak)
rCorr   .            (no gloves)
SInv    .            (no boots)
Will    .....        (no amulet)
Stlth   +            (no ring)
HPRegen 0.25/turn    (no ring)
MPRegen 0.09/turn

%: no passive effects
@: no status effects
A: sickness immunity, AC +4, negative energy resistance 1, electricity
resistance, torment resistance 1, petrification resistance
a: Renounce Religion, Berserk, Trog's Hand


You were on level 4 of the Dungeon.
You worshipped Trog.
Trog was pleased with you.
You visited 1 branch of the dungeon, and saw 4 of its levels.

You collected 199 gold pieces.

Inventory:

Hand Weapons
 a - a +0 mace (weapon)
 b - a +0 sling
Missiles
 h - 5 silver javelins (quivered)
 m - a boomerang
 n - a throwing net
Armour
 d - a +0 leather armour (worn)
 u - a +0 tower shield
Scrolls
 c - a scroll of brand weapon {unknown}
 e - 2 scrolls of identify {unknown}
 j - a scroll of teleportation {unknown}
 k - 2 scrolls of vulnerability {unknown}
 o - a scroll of blinking {unknown}
 p - a scroll of fog {unknown}
 v - 2 scrolls of fear {unknown}
Potions
 f - a potion of lignification {unknown}
 g - a potion of curing {unknown}
 i - 2 potions of might {unknown}
 l - a potion of mutation {unknown}
 q - a potion of degeneration {unknown}
 r - a potion of berserk rage {unknown}
 s - 4 potions of heal wounds {unknown}
 t - a potion of ambrosia {unknown}


   Skills:
 + Level 3.9 Fighting
 * Level 4.2 Maces & Flails
 * Level 3.8 Armour
 + Level 2.3 Dodging
 + Level 0.0 Shields


You had 4 spell levels left.
You didn't know any spells.
Your spell library was empty.

Dungeon Overview and Level Annotations

Branches:
Dungeon (4/15)
 Temple: D:4-7

Altars:

Shops:
D:3 (

Annotations:
D:4 1 runed translucent door


Innate Abilities, Weirdness & Mutations

You are immune to sickness and miasma.
Your stone body is resilient. (AC +4)
You are immune to poison.
You resist negative energy. (rN+)
You are resistant to electric shocks. (rElec)
You are resistant to unholy torment.
You are immune to petrification.


Message History

The iguana barely misses you. The hobgoblin closely misses you.
You completely miss the iguana.
The iguana is lightly wounded.
The iguana bites you but does no damage.
The hobgoblin hits you.
You closely miss the iguana.
The iguana is lightly wounded.
The iguana bites you!
A kobold comes into view. It is wielding a +0 whip.
An orc comes into view. It is wielding a +0 falchion.
The hobgoblin barely misses you.
You barely miss the iguana.
The iguana is lightly wounded.
The kobold shouts!
The orc shouts!
The hobgoblin barely misses you. The iguana misses you.
A kobold comes into view. It is wielding a +0 whip.
The hobgoblin closely misses you. The iguana barely misses you.
The kobold shouts!
You hit the iguana but do no damage.
The iguana is lightly wounded.
The iguana bites you.
The hobgoblin hits you but does no damage.
You completely miss the iguana.
The iguana is lightly wounded.
The iguana bites you.
An orc priest comes into view. It is wielding a +0 club.
The hobgoblin barely misses you.
You hit the iguana.
The iguana is moderately wounded.
The iguana bites you!
* * * LOW HITPOINT WARNING * * *
An orc comes into view. It is wielding a +0 short sword.
The hobgoblin misses you. The hobgoblin attacks as you move away!
The hobgoblin misses you. The iguana attacks as you move away!
The iguana bites you but does no damage.
The iguana attacks as you move away! The iguana completely misses you.
The orc priest mumbles some strange prayers to Beogh against you.
Beogh smites you!
You die...

####......# ###.........##
###............#
##..............# #
#...............# #.
##...............# #S#..
###.................
#S#...#gl@...<............
#+#..o†..................#
.o....K##................#
....(K# #................#
...>.. ##...............#
..o.. #...)..........##
..... ##........(....#
.... ###.....>.....# ...#
##..........#


You could see an iguana, an orc priest, an orc, a hobgoblin and 2 kobolds.

Vanquished Creatures
  2 hounds (D:3)
  An adder (D:2)
  A gnoll (D:3)
  3 worms
  2 dart slugs (D:2)
  4 orcs (D:3)
  5 endoplasms
  4 giant cockroaches
  8 goblins
  10 hobgoblins
  3 quokkas (D:2)
  6 ball pythons
  3 bats
  5 frilled lizards
  4 kobolds
  6 rats
67 creatures vanquished.

Notes
Turn   | Place    | Note
-------+----------+-------------------------------------------
     0 | D:1      | KittyFluff the Gargoyle Berserker began the quest for the
                  | Orb.
     0 | D:1      | Reached XP level 1. HP: 14/14 MP: 1/1
    93 | D:1      | You fall into a shaft and drop 1 floor!
   138 | D:2      | Reached XP level 2. HP: 19/19 MP: 2/2
   453 | D:2      | Reached XP level 3. HP: 19/23 MP: 3/3
   624 | D:1      | Found a faded altar of an unknown god.
   825 | D:2      | Reached ** piety under Trog
  1260 | D:3      | Reached XP level 4. HP: 21/28 MP: 4/4
  1462 | D:3      | Reached skill level 4 in Maces & Flails
  1462 | D:3      | Reached XP level 5. HP: 22/33 MP: 5/5
  1760 | D:3      | Identified the +11 war axe "Bestaad" {freeze, rPois rC+
                  | Will++ MP-9}
  1931 | D:3      | Found Ippaxiku's Weapon Shoppe.
  2531 | D:4      | Found a runed translucent door.
  2547 | D:4      | Killed from afar by an orc priest

Illustrated notes

Levels and vault maps discovered:
D:1:      lightli_molten_gateway, layout_rooms,
          shapermc_ecumenical_altar_flowoftime
D:2:      layout_loops_ring
D:3:      layout_loops_ring, serial_shops, shop, cheibrodos_gnoll_hut
D:4:      layout_cave_pods, ebering_ghost_sewer_d

Skill      XL: |  1  2  3  4 |
---------------+-------------+-----
Armour         | 3 |  3.8
Dodging        | 2 |  2.3
Maces & Flails | 4 |  4.2
Fighting       | |  3.9

Action                     |  1- 3 |  4- 6 || total
---------------------------+-------+-------++-------
  Melee: Mace              |   128 |   116 ||   244
         Punch             |     1 |     3 ||     4
 Armour: Animal skin       |     5 |       ||     5
         Leather armour    |    47 |    42 ||    89
  Dodge: Dodged            |    82 |    77 ||   159
